 Dungeon Crawl Stone Soup version 0.31-a0-662-g684573625c (webtiles) character file.

Game seed: 14401710337323573504

7904 arthad the Fighter (level 11, -9/74 HPs)
             Began as a Gargoyle Fighter on Sept 1, 2023.
             Was a High Priest of Okawaru.
             Shot with an arrow by a centaur warrior (21 damage)
             ... on level 12 of the Dungeon.
             The game lasted 00:16:05 (8269 turns).

arthad the Fighter (Gargoyle Fighter)               Turns: 8269, Time: 00:16:05

Health: -9/74      AC: 20    Str: 23    XL:     11   Next: 22%
Magic:  10/11      EV:  9    Int: 10    God:    Okawaru [*****.]
Gold:   31         SH:  7    Dex:  9    Spells: 10/10 levels left

rFire   . . .        a - +0 war axe
rCold   . . .        m - +2 buckler
rNeg    + . .        b - +0 scale mail
rPois   ∞            s - +0 helmet
rElec   +            o - +0 cloak
rCorr   .            y - +0 pair of gloves
SInv    +            (no boots)
Will    .....        (no amulet) Stlth
                     l - ring of see invisible
HPRegen 0.32/turn    T - +4 ring of slaying
MPRegen 0.12/turn

%: no passive effects
@: mighty
A: sickness immunity, AC +8, negative energy resistance 1, electricity
resistance, torment resistance 1, petrification resistance
a: Renounce Religion, Heroism, Finesse, Duel


You were on level 12 of the Dungeon.
You worshipped Okawaru.
Okawaru was extremely pleased with you.
You visited 2 branches of the dungeon, and saw 13 of its levels.

You collected 519 gold pieces.
You spent 488 gold pieces at shops.

Inventory:

Hand Weapons
 a - a +0 war axe (weapon)
 r - a +0 morningstar
 I - a +4 trident of draining
 M - a +4 mace of protection
Missiles
 p - 3 curare-tipped darts
 w - 12 poisoned darts (quivered)
 A - 4 boomerangs
 U - 2 silver javelins
Armour
 b - a +0 scale mail (worn)
 c - a +0 buckler
 m - a +2 buckler (worn)
 o - a +0 cloak (worn)
 s - a +0 helmet (worn)
 y - a +0 pair of gloves (worn)
 J - a scarf of invisibility
 V - the +3 hat of Pondering {ponderous, Will+ MP+10 Int+5}
   (You took it off Gastronok on level 12 of the Dungeon)

   Int+5:     It affects your intelligence (+5).
   Will+:     It increases your willpower.
   MP+10:     It affects your magic capacity (+10).
Jewellery
 i - a +6 ring of intelligence
 l - a ring of see invisible (left hand)
 n - a ring of protection from fire
 E - an amulet of faith
 P - a ring of protection from fire
 T - a +4 ring of slaying (right hand)
Wands
 x - a wand of paralysis (2)
 H - a wand of light (6)
 K - a wand of mindburst (18)
 N - a wand of iceblast (4)
Scrolls
 e - a scroll of butterflies {unknown}
 f - a scroll of noise
 h - a scroll of immolation
 k - 11 scrolls of identify {unknown}
 q - 2 scrolls of amnesia {unknown}
 B - a scroll of fear {unknown}
 C - a scroll of fog {unknown}
 G - 2 scrolls of teleportation {unknown}
 L - 2 scrolls of blinking {unknown}
 Q - a scroll of enchant weapon {unknown}
 R - a scroll of torment {unknown}
 S - a scroll of enchant armour {unknown}
Potions
 d - a potion of might
 g - a potion of brilliance
 j - a potion of invisibility
 t - 5 potions of curing
 u - a potion of berserk rage
 v - a potion of degeneration {unknown}
 z - a potion of heal wounds
 D - 3 potions of mutation {unknown}
 F - a potion of magic {unknown}
 O - a potion of lignification {unknown}


   Skills:
 * Level 11.4 Fighting
 * Level 9.3 Axes
 + Level 8.2 Armour
 + Level 8.2 Shields


You had 10 spell levels left.
You didn't know any spells.
Your spell library contained the following spells:

 Spells                   Type           Power      Damage    Failure   Level
 Freeze                   Ice            0%         1d3       69%         1
 Frozen Ramparts          Ice            0%         1d1       96%         3
 Hailstorm                Conj/Ice       0%         3d3       96%         3
 Anguish                  Hex/Necr       0%         N/A       100%        4
 Cause Fear               Hex            0%         N/A       100%        4
 Enfeeble                 Hex            0%         N/A       100%        7
 Summon Small Mammal      Summ           Unusable   N/A       N/A         1
 Call Canine Familiar     Summ           Unusable   N/A       N/A         3
 Summon Guardian Golem    Hex/Summ       Unusable   N/A       N/A         3

Dungeon Overview and Level Annotations

Branches:
Dungeon (13/15)            Temple (1/1) D:5
   Lair: D:8-11         Orc: D:9-12      Vaults: D:13-14

Altars:
Ashenzari
Cheibriados
Dithmenos
Elyvilon
Fedhas
Gozag
Hepliaklqana
Kikubaaqudgha
Makhleb
Okawaru
Qazlal
Ru
Sif Muna
Trog
Uskayaw
Vehumet
Wu Jian
Xom
Yredelemnul
Zin
The Shining One

Shops:
D:9 !?!*!


Innate Abilities, Weirdness & Mutations

You are immune to sickness and miasma.
Your stone body is resilient. (AC +8)
You are immune to poison.
You resist negative energy. (rN+)
You are resistant to electric shocks. (rElec)
You are resistant to unholy torment.
You are immune to petrification.


Message History

The orc warrior shouts!
You slice the two-headed ogre!!
The two-headed ogre is moderately wounded.
You hear a shout!
You slice the two-headed ogre!!
The two-headed ogre is almost dead.
You block the two-headed ogre's attack. x2
You slash the two-headed ogre!
You kill the two-headed ogre!
Okawaru is honoured by your kill.
An orc comes into view. It is wielding a +0 hand axe.
An orc knight and an orc warrior come into view.
The orc knight shouts!
The orc warrior shouts!
The orc warrior unwields a +0 halberd.
The orc warrior wields a +0 orcbow.
The orc warrior shoots an arrow.
The arrow barely misses you.
You slash the orc warrior!
The orc warrior is heavily wounded.
A centaur warrior comes into view.
A centaur comes into view.
The orc warrior hits you with a +0 short sword!
The centaur warrior shouts!
The centaur shouts!
You hit the orc warrior but do no damage.
The orc warrior is heavily wounded.
You feel like a meek peon again.
A centaur comes into view.
The orc warrior hits you but does no damage.
The centaur shouts!
You slash the orc warrior!
You kill the orc warrior!
Okawaru accepts your kill.
The orc warrior shoots an arrow.
The arrow hits you but does no damage.
The centaur wields a +0 shortbow.
The centaur shoots an arrow.
You block the arrow.
The centaur wields a +0 shortbow.
The centaur shoots an arrow.
The arrow hits you.
You slice the orc knight!!
The orc knight is moderately wounded.
The centaur warrior wields a +0 orcbow.
The centaur warrior shoots an arrow.
The arrow hits you!
* * * LOW HITPOINT WARNING * * *
The centaur warrior shoots an arrow.
The arrow hits you!!
You die...

........### .
#.......#.##.
.#............ #.
.........c... #..
#.....cco... ...#
#..>.........
....##............
........)@oo......
..................
..............#...
##...)..##....#..
#.............#...
#..#...##........#
#..
#..###......... #.
##.###..........
.#..##>.T......#


You could see an orc knight, a centaur warrior, an orc warrior, 2 centaurs and
an orc.

Vanquished Creatures
  Gastronok (D:12)
  A two-headed ogre (D:12)
  A boulder beetle (D:7)
  A centaur warrior (D:10)
  Nergalle (D:10)
  Jeremiah (D:6)
  A troll (D:12)
  Prince Ribbit (D:8)
  3 yaks (D:8)
  4 orc warriors
  A black bear (D:5)
  2 ice beasts (D:6)
  4 centaurs
  A phantom (D:5)
  2 kobold brigands
  5 bullfrogs
  2 gnoll sergeants (D:8)
  A scorpion (D:5)
  3 wights (D:6)
  19 killer bees
  2 jellies (D:6)
  4 orc priests
  A hound (D:5)
  Crazy Yiuf (D:2)
  3 iguanas
  Ijyb (D:4)
  4 orc wizards
  Robin (D:3)
  7 adders
  12 gnolls
  A white imp (D:6)
  An ufetubus (D:5)
  3 dart slugs
  13 orcs
  4 endoplasms
  2 giant cockroaches
  7 hobgoblins
  6 jackals
  6 quokkas
  9 ball pythons
  2 bats (D:1)
  3 frilled lizards
  14 goblins
  23 kobolds
185 creatures vanquished.

Notes
Turn   | Place    | Note
-------+----------+-------------------------------------------
     0 | D:1      | arthad the Gargoyle Fighter began the quest for the Orb.
     0 | D:1      | Reached XP level 1. HP: 14/14 MP: 1/1
   153 | D:1      | Reached XP level 2. HP: 19/19 MP: 2/2
   312 | D:1      | Found a faded altar of an unknown god.
   312 | D:1      | Noticed a sun demon
   390 | D:1      | Reached XP level 3. HP: 24/24 MP: 3/3
  1024 | D:2      | Reached skill level 4 in Fighting
  1274 | D:2      | Found a runed translucent door.
  1275 | D:2      | Noticed Crazy Yiuf
  1284 | D:2      | Killed Crazy Yiuf
  1285 | D:2      | Reached XP level 4. HP: 25/29 MP: 4/4
  1399 | D:3      | Noticed a kobold brigand
  1409 | D:3      | Killed a kobold brigand
  1410 | D:3      | Reached XP level 5. HP: 24/34 MP: 5/5
  1873 | D:3      | Noticed Robin
  1899 | D:3      | Killed Robin
  2331 | D:4      | Noticed Ijyb
  2342 | D:4      | Paralysed by Ijyb for 5 turns
  2348 | D:4      | Paralysed by Ijyb for 3 turns
  2354 | D:4      | Paralysed by Ijyb for 4 turns
  2366 | D:4      | Paralysed by Ijyb for 3 turns
  2369 | D:4      | Killed Ijyb
  2370 | D:4      | Reached XP level 6. HP: 30/40 MP: 6/6
  2481 | D:4      | Reached skill level 5 in Fighting
  2734 | D:5      | Entered Level 5 of the Dungeon
  2734 | D:5      | Found a staircase to the Ecumenical Temple.
  2778 | Temple   | Found a transporter.
  2778 | Temple   | Found a transporter.
  2778 | Temple   | Found a transporter.
  2778 | Temple   | Found a transporter.
  2778 | Temple   | Entered the Ecumenical Temple
  2840 | Temple   | Became a worshipper of Warmaster Okawaru
  2999 | D:5      | Noticed a black bear
  3005 | D:5      | Killed a black bear
  3006 | D:5      | Reached XP level 7. HP: 45/45 MP: 7/7
  3093 | D:5      | Reached * piety under Okawaru
  3330 | D:5      | Found a glowing golden altar of the Shining One.
  3337 | D:5      | Found an opulent altar of Gozag.
  3339 | D:5      | Found a shimmering blue altar of Sif Muna.
  3341 | D:5      | Found a blossoming altar of Fedhas.
  3533 | D:5      | Reached skill level 6 in Fighting
  3892 | D:6      | Reached skill level 5 in Armour
  3892 | D:6      | Reached skill level 5 in Shields
  3892 | D:6      | Reached XP level 8. HP: 24/52 MP: 8/8
  3904 | D:6      | Reached skill level 5 in Axes
  4110 | D:6      | Noticed Jeremiah
  4122 | D:6      | Killed Jeremiah
  4123 | D:6      | Reached skill level 7 in Fighting
  4603 | D:6      | Reached ** piety under Okawaru
  4751 | D:6      | Reached XP level 9. HP: 59/59 MP: 9/9
  5031 | D:7      | Reached skill level 8 in Fighting
  5082 | D:7      | Noticed a boulder beetle
  5100 | D:7      | Killed a boulder beetle
  5475 | D:7      | Found a white marble altar of Elyvilon.
  6337 | D:8      | Reached skill level 9 in Fighting
  6411 | D:8      | Noticed Prince Ribbit
  6431 | D:8      | Killed Prince Ribbit
  6431 | D:8      | Reached *** piety under Okawaru
  6811 | D:8      | Reached XP level 10. HP: 57/66 MP: 10/10
  7336 | D:9      | Found Totoeph's Distillery.
  7522 | D:9      | Reached skill level 10 in Fighting
  7540 | D:9      | Bought 2 potions of heal wounds for 150 gold pieces
  7540 | D:9      | Bought a potion of curing for 45 gold pieces
  7606 | D:9      | Reached **** piety under Okawaru
  7806 | D:9      | Found Iwytokh's Magic Scroll Shoppe.
  7811 | D:9      | Found Lesa Cau's Assorted Antiques.
  7819 | D:9      | Bought a green potion for 26 gold pieces
  7819 | D:9      | Bought a scroll labelled RUYNGO OLLO for 29 gold pieces
  7819 | D:9      | Bought a scroll labelled CIAQUU RYBING for 29 gold pieces
  7819 | D:9      | Bought a scroll labelled ZUOPUDUSUZ for 29 gold pieces
  7833 | D:9      | Found a hazy altar of Hepliaklqana.
  7848 | D:9      | Found Bobubria's Distillery.
  7899 | D:9      | Found Xied's Distillery.
  7911 | D:9      | Bought a potion of heal wounds for 60 gold pieces
  7911 | D:9      | Bought 2 potions of heal wounds for 120 gold pieces
  7934 | D:10     | Entered Level 10 of the Dungeon
  7950 | D:10     | Noticed Nergalle
  7961 | D:10     | Killed Nergalle
  7961 | D:10     | Noticed a centaur warrior
  7974 | D:10     | Killed a centaur warrior
  8133 | D:10     | You fall into a shaft and drop 3 floors!
  8147 | D:13     | Noticed a two-headed ogre
  8199 | D:12     | Noticed Gastronok
  8225 | D:12     | Killed Gastronok
  8225 | D:12     | Received a gift from Okawaru
  8225 | D:12     | Reached ***** piety under Okawaru
  8226 | D:12     | Reached skill level 11 in Fighting
  8226 | D:12     | Reached XP level 11. HP: 16/74 MP: 11/11
  8254 | D:12     | Noticed a two-headed ogre
  8262 | D:12     | Killed a two-headed ogre
  8263 | D:12     | Noticed an orc knight
  8265 | D:12     | Noticed a centaur warrior
  8269 | D:12     | Shot with an arrow by a centaur warrior

Illustrated notes

Levels and vault maps discovered:
D:1:      heliophobic_arrival_dark_side_of_the_moon, layout_basic,
          dreamdust_ecumenical_altar_sealed_demon
D:2:      layout_basic, uniq_crazy_yiuf_cottage
D:3:      cheibrodos_thug_alley, layout_loops_cross, kennysheep_generic_room_6,
          uniq_robin
D:4:      layout_rooms, grunt_tough_drop, uniq_ijyb
D:5:      layout_basic, minitemple, minmay_temple_entry_mist
D:6:      layout_basic, serial_bayou_pond_a, uniq_jeremiah
D:7:      layout_layer_cave, nicolae_elyvilon_peaceful_grove
D:8:      layout_basic, nicolae_figureground_pulse, uniq_prince_ribbit1
D:9:      layout_cross, nzn_hepliaklqana_mist_gate, serial_shops,
          nicolae_shop_industrial_runoff, nicolae_shop_industrial_runoff, shop,
          nicolae_shop_window_shopping, shop
D:10:     layout_stronghold, kennysheep_mini_moat, orc_0_dummy, uniq_nergalle,
          uniq_joseph
D:12:     layout_cave_pools, uniq_gastronok
D:13:     layout_roguey, david_vaults_3, uniq_erolcha, uniq_lodul
Temple:   hellmonk_temple_divided_pantheon

Skill      XL: |  1  2  3  4  5  6  7  8  9 10 |
---------------+-------------------------------+-----
Axes           | 2 3 4 6 7 9 |  9.3
Fighting       | 4 5 6 7 9 11 | 11.4
Shields        | 4 5 6 8 |  8.2
Armour         | 4 5 6 8 |  8.2

Action                     |  1- 3 |  4- 6 |  7- 9 | 10-12 || total
---------------------------+-------+-------+-------+-------++-------
  Melee: War axe           |    91 |   213 |   227 |   192 ||   723
  Throw: Dart              |       |     5 |    26 |       ||    31
 Invoke: Heroism           |       |       |     1 |     4 ||     5
  Evoke: Wand              |       |       |     1 |     2 ||     3
    Use: Potion            |       |       |     6 |     6 ||    12
         Scroll            |       |       |     2 |       ||     2
   Stab: Invisible         |       |       |     2 |       ||     2
 Armour: Scale mail        |    65 |   148 |   208 |   279 ||   700
  Dodge: Dodged            |    37 |    85 |   109 |   156 ||   387
  Block: Buckler           |    23 |    78 |    95 |   105 ||   301

Table legend: (Time is in decaauts)
 A = Elapsed time spent in this place.
 B = Non-inter-level travel time spent in this place.
 C = Inter-level travel time spent in this place.
 D = Time resting spent in this place.
 E = Time spent auto-exploring this place.
 F = Levels seen in this place.
 G = Mean time per level.
                   A        B        C        D        E       F      G
               +--------+--------+--------+--------+--------+-----+--------+
         Total |   8486 |   8164 |    322 |    801 |   5693 |  13 |  652.8 |
       Dungeon |   8408 |   8098 |    310 |    801 |   5645 |  12 |  700.7 |
        Temple |     78 |     66 |     12 |      0 |     48 |   1 |   78.0 |
               +--------+--------+--------+--------+--------+-----+--------+

Top non-repeatable levels by time:
     D:8: 1382 daAuts
     D:6: 1312 daAuts
     D:7: 1283 daAuts
     D:3: 937 daAuts
     D:1: 811 daAuts
     D:5: 805 daAuts
     D:2: 647 daAuts
     D:4: 450 daAuts
     D:9: 426 daAuts
    D:10: 198 daAuts
    D:12: 86 daAuts
  Temple: 78 daAuts
    D:13: 65 daAuts
